ITL
PORTLAND PRIVATEERS @ ALLENTOWN HILLBILLIES
05/12/2026
 
TOP OF THE 1ST
Portland Privateers batting - Pitching for Allentown Hillbillies : RHP Okura Oike
Pitching: RHP Okura Oike
Batting: RHB Luis Pineda 0-0: Ball
1-0: Ball
2-0: Ball
3-0: Called Strike
3-1: Called Strike
3-2: Fly out, F8 (Flyball, 8RD)
Batting: RHB Juan Sánchez 0-0: Ball
1-0: Ball
2-0: Called Strike
2-1: Foul Ball, location: 2F
2-2: Ball
3-2: Fly out, F8 (Flyball, 8LD)
Batting: SHB Patrick Larson 0-0: Ball
1-0: Called Strike
1-1: Foul Ball, location: 2F
1-2: Foul Ball, location: 2F
1-2: Strikes out looking
Top of the 1st over - 0 run(s), 0 hit(s), 0 error(s), 0 left on base; Portland 0 - Allentown 0
BOTTOM OF THE 1ST
Allentown Hillbillies batting - Pitching for Portland Privateers : RHP Blaine Yarbrough
Pitching: RHP Blaine Yarbrough
Batting: LHB George Knight 0-0: Ball
1-0: Swinging Strike
1-1: Ground out U3 (Groundball, 3)
Batting: RHB Joel Jackson 0-0: Called Strike
0-1: Swinging Strike
0-2: Ball
1-2: Foul Ball, location: 2F
1-2: Foul Ball, location: 2F
1-2: Strikes out swinging
Batting: RHB Jimmy Simon 0-0: Called Strike
0-1: Ball
1-1: Ground out 1-3 (Groundball, 15)
Bottom of the 1st over - 0 run(s), 0 hit(s), 0 error(s), 0 left on base; Portland 0 - Allentown 0
TOP OF THE 2ND
Portland Privateers batting - Pitching for Allentown Hillbillies : RHP Okura Oike
Batting: LHB Dillon Beck 0-0: Ball
1-0: Ball
2-0: Called Strike
2-1: Foul Ball, location: 2F
2-2: Fly out, F6 (Popup, 6D)
Batting: RHB Troy Lau 0-0: Ball
1-0: Called Strike
1-1: Ball
2-1: Ball
3-1: Called Strike
3-2: Base on Balls
Batting: LHB Juan Acotia 0-0: Called Strike
0-1: Ball
1-1: Ball
2-1: Called Strike
2-2: Foul Ball, location: 2F
2-2: Strikes out swinging
Batting: LHB Pedro Padilla 0-0: Called Strike
0-1: Called Strike
0-2: Strikes out swinging
Top of the 2nd over - 0 run(s), 0 hit(s), 0 error(s), 1 left on base; Portland 0 - Allentown 0
BOTTOM OF THE 2ND
Allentown Hillbillies batting - Pitching for Portland Privateers : RHP Blaine Yarbrough
Batting: SHB Oliver Deleón 0-0: Ball
1-0: Foul Ball, location: 2F
1-1: Called Strike
1-2: Strikes out swinging
Batting: RHB Diego Rivera 0-0: Called Strike
0-1: Swinging Strike
0-2: Ball
1-2: Ground out 5-3 (Groundball, 56S)
Batting: RHB Bartolo López 0-0: Ball
1-0: Called Strike
1-1: Swinging Strike
1-2: Strikes out swinging
Bottom of the 2nd over - 0 run(s), 0 hit(s), 0 error(s), 0 left on base; Portland 0 - Allentown 0
TOP OF THE 3RD
Portland Privateers batting - Pitching for Allentown Hillbillies : RHP Okura Oike
Batting: RHB Jorge Cora 0-0: Called Strike
0-1: Foul Ball, location: 2F
0-2: Ball
1-2: Ball
2-2: Strikes out swinging
Batting: RHB Luther Stoffels 0-0: Ball
1-0: Called Strike
1-1: Ball
2-1: Called Strike
2-2: Strikes out swinging
Batting: RHB Luis Pineda 0-0: Called Strike
0-1: Ball
1-1: Ball
2-1: Ground out 6-3 (Groundball, 6)
Top of the 3rd over - 0 run(s), 0 hit(s), 0 error(s), 0 left on base; Portland 0 - Allentown 0
BOTTOM OF THE 3RD
Allentown Hillbillies batting - Pitching for Portland Privateers : RHP Blaine Yarbrough
Batting: SHB Toshinobu Tanaka 0-0: Ground out 6-3 (Groundball, 6M)
Batting: RHB Gustavo Ortíz 0-0: Ball
1-0: Ground out 4-3 (Groundball, 4)
Batting: SHB Juan Acevado 0-0: Ball
1-0: Foul Ball, location: 2F
1-1: Ball
2-1: Ball
3-1: Foul Ball, location: 2F
3-2: Foul Ball, location: 2F
3-2: Foul Ball, location: 2F
3-2: Base on Balls
Batting: LHB George Knight 0-0: Foul Ball, location: 2F
0-1: Ball
1-1: Called Strike
1-2: Ball
2-2: Ball
3-2: Base on Balls
Juan Acevado to second
Batting: RHB Joel Jackson 0-0: Called Strike
0-1: DOUBLE (Groundball, 5L)
Juan Acevado scores
George Knight to third
Runner from 3rd tries for Home, throw and OUT!
Bottom of the 3rd over - 1 run(s), 1 hit(s), 0 error(s), 1 left on base; Portland 0 - Allentown 1
TOP OF THE 4TH
Portland Privateers batting - Pitching for Allentown Hillbillies : RHP Okura Oike
Batting: RHB Juan Sánchez 0-0: Called Strike
0-1: Swinging Strike
0-2: Ball
1-2: Ball
2-2: Ball
3-2: Strikes out looking
Batting: SHB Patrick Larson 0-0: Called Strike
0-1: Ground out 6-3 (Groundball, 6)
Batting: LHB Dillon Beck 0-0: Foul Ball, location: 2F
0-1: Foul Ball, location: 2F
0-2: Ball
1-2: Strikes out swinging
Top of the 4th over - 0 run(s), 0 hit(s), 0 error(s), 0 left on base; Portland 0 - Allentown 1
BOTTOM OF THE 4TH
Allentown Hillbillies batting - Pitching for Portland Privateers : RHP Blaine Yarbrough
Batting: RHB Jimmy Simon 0-0: Ball
1-0: Ball
2-0: Ball
3-0: Called Strike
3-1: Called Strike
3-2: Base on Balls
Batting: SHB Oliver Deleón 0-0: Ball
1-0: Swinging Strike
1-1: Ball
2-1: Fly out, F4 (Line Drive, 4)
Batting: RHB Diego Rivera 0-0: Ball
Wild Pitch!
Jimmy Simon to second
1-0: Ball
2-0: Ball
3-0: Called Strike
3-1: 2-RUN HOME RUN (Flyball, 7LD), Distance : 431 ft
Batting: RHB Bartolo López 0-0: Foul Ball, location: 2F
0-1: Ball
1-1: Foul Ball, location: 2F
1-2: Foul Ball, location: 2F
1-2: Foul Ball, location: 2F
1-2: Ball
2-2: SINGLE (Groundball, 4D)
Batting: SHB Toshinobu Tanaka 0-0: Ball
1-0: Called Strike
1-1: Called Strike
1-2: Ball
2-2: Strikes out swinging
Pitching: RHP Tom Clement
Batting: RHB Gustavo Ortíz 0-0: Ball
1-0: Ground out 1-3 (Groundball, 15S)
Bottom of the 4th over - 2 run(s), 2 hit(s), 0 error(s), 1 left on base; Portland 0 - Allentown 3
TOP OF THE 5TH
Portland Privateers batting - Pitching for Allentown Hillbillies : RHP Okura Oike
Batting: RHB Troy Lau 0-0: Ball
1-0: Called Strike
1-1: Swinging Strike
1-2: Strikes out looking
Batting: LHB Juan Acotia 0-0: Called Strike
0-1: Ground out 5-3 (Groundball, 15S)
Batting: LHB Pedro Padilla 0-0: Called Strike
0-1: Ball
1-1: Foul Ball, location: 2F
1-2: Ball
2-2: Foul Ball, location: 2F
2-2: Strikes out swinging
Top of the 5th over - 0 run(s), 0 hit(s), 0 error(s), 0 left on base; Portland 0 - Allentown 3
BOTTOM OF THE 5TH
Allentown Hillbillies batting - Pitching for Portland Privateers : RHP Tom Clement
Batting: SHB Juan Acevado 0-0: Ball
1-0: Ball
2-0: Called Strike
2-1: Ball
3-1: Base on Balls
Batting: LHB George Knight 0-0: Called Strike
0-1: Ball
1-1: Ball
2-1: DOUBLE (Line Drive, 89M)
Juan Acevado to third
Batting: RHB Joel Jackson 0-0: Called Strike
0-1: Ball
1-1: Called Strike
1-2: Strikes out swinging
Batting: RHB Jimmy Simon 0-0: Ball
1-0: Called Strike
1-1: Ball
2-1: SINGLE (Popup, 34D)
Juan Acevado scores
George Knight to third
Batting: SHB Oliver Deleón 0-0: Called Strike
0-1: Foul Ball, location: 2F
0-2: SINGLE (Line Drive, 4)
George Knight scores
Jimmy Simon to second
Batting: RHB Diego Rivera 0-0: Foul Ball, location: 2F
0-1: Foul Ball, location: 2F
0-2: Strikes out swinging
Batting: RHB Bartolo López 0-0: Ball
1-0: DOUBLE (Line Drive, 9LS)
Jimmy Simon scores
Oliver Deleón to third
Batting: SHB Toshinobu Tanaka 0-0: Ball
1-0: Ball
2-0: Foul Ball, location: 2F
2-1: Foul Ball, location: 2F
2-2: SINGLE (Groundball, 56D)
Oliver Deleón scores
Bartolo López to third
Runner from 3rd tries for Home, SAFE, no throw or cutoff
Pitching: RHP Héctor Negrón
Batting: RHB Gustavo Ortíz 0-0: Called Strike
0-1: Called Strike
0-2: Ball
1-2: Strikes out swinging
Bottom of the 5th over - 5 run(s), 5 hit(s), 0 error(s), 1 left on base; Portland 0 - Allentown 8
TOP OF THE 6TH
Portland Privateers batting - Pitching for Allentown Hillbillies : RHP Okura Oike
Batting: RHB Jorge Cora 0-0: Ball
1-0: Ball
2-0: Foul Ball, location: 2F
2-1: Foul Ball, location: 2F
2-2: Foul Ball, location: 2F
2-2: Ball
3-2: Strikes out swinging
Batting: RHB Luther Stoffels 0-0: Ball
1-0: Foul Ball, location: 2F
1-1: Ground out 5-3 (Groundball, 56)
Batting: RHB Luis Pineda 0-0: Ball
1-0: Ball
2-0: Fly out, F8 (Flyball, 8LXD)
Top of the 6th over - 0 run(s), 0 hit(s), 0 error(s), 0 left on base; Portland 0 - Allentown 8
BOTTOM OF THE 6TH
Allentown Hillbillies batting - Pitching for Portland Privateers : RHP Héctor Negrón
Batting: SHB Juan Acevado 0-0: Ball
1-0: Foul Ball, location: 2F
1-1: Ball
2-1: Called Strike
2-2: Fly out, F7 (Flyball, 78M)
Batting: LHB George Knight 0-0: Called Strike
0-1: Swinging Strike
0-2: Hit by Pitch
Batting: RHB Joel Jackson 0-0: Ball
1-0: Called Strike
1-1: Ball
2-1: DOUBLE (Line Drive, 5L)
George Knight to third
Runner from 3rd tries for Home, SAFE, no throw or cutoff
Batting: RHB Jimmy Simon 0-0: Swinging Strike
0-1: Ground out 6-3 (Groundball, 6)
Batting: SHB Oliver Deleón 0-0: Ball
1-0: Ball
2-0: SINGLE (Groundball, 56D)
Joel Jackson to third
Runner from 3rd tries for Home, SAFE, no throw or cutoff
Batting: RHB Diego Rivera 0-0: Ball
1-0: Ball
2-0: Foul Ball, location: 2F
2-1: Ball
3-1: Fly out, F6 (Line Drive, 6)
Bottom of the 6th over - 2 run(s), 2 hit(s), 0 error(s), 1 left on base; Portland 0 - Allentown 10
TOP OF THE 7TH
Portland Privateers batting - Pitching for Allentown Hillbillies : RHP Okura Oike
Batting: RHB Juan Sánchez 0-0: Ball
1-0: Ball
2-0: Ball
3-0: Ground out 4-3 (Groundball, 34)
Batting: SHB Patrick Larson 0-0: Ball
1-0: Called Strike
1-1: Ball
2-1: Fly out, F8 (Flyball, 8LS)
Batting: LHB Dillon Beck 0-0: Ball
1-0: Ball
2-0: Called Strike
2-1: Ball
3-1: Swinging Strike
3-2: Strikes out swinging
Top of the 7th over - 0 run(s), 0 hit(s), 0 error(s), 0 left on base; Portland 0 - Allentown 10
BOTTOM OF THE 7TH
Allentown Hillbillies batting - Pitching for Portland Privateers : RHP Héctor Negrón
Batting: RHB Bartolo López 0-0: Ball
1-0: Ball
2-0: Foul Ball, location: 2F
2-1: Ball
3-1: SINGLE (Groundball, 5)
Batting: SHB Toshinobu Tanaka 0-0: Sac Bunt - play at first, batter OUT! 2-4
Bartolo López to second
Batting: RHB Gustavo Ortíz 0-0: Called Strike
0-1: SINGLE (Line Drive, 56)
Bartolo López to third
Batting: SHB Juan Acevado 0-0: Called Strike
0-1: Ball
1-1: Fly out, F8 (Flyball, 78D)
Runner from 3rd tags up, SCORES, no throw
Pitching: RHP Alfonso Medina
Batting: LHB George Knight 0-0: Ball
1-0: Ground out 4-3 (Groundball, 4)
Bottom of the 7th over - 1 run(s), 2 hit(s), 0 error(s), 1 left on base; Portland 0 - Allentown 11
TOP OF THE 8TH
Portland Privateers batting - Pitching for Allentown Hillbillies : RHP Okura Oike
Now at SS: António Yánez
Batting: RHB Troy Lau 0-0: Called Strike
0-1: Swinging Strike
0-2: Fly out, F4 (Popup, 3F)
Batting: LHB Juan Acotia 0-0: SOLO HOME RUN (Flyball, 89XD), Distance : 391 ft
Pitching: LHP Nick Merrit
Batting: LHB Pedro Padilla 0-0: Swinging Strike
0-1: Ball
1-1: Ball
2-1: Called Strike
2-2: Ball
3-2: Strikes out swinging
Batting: RHB Jorge Cora 0-0: Ball
1-0: Foul Ball, location: 2F
1-1: Ball
2-1: Ball
3-1: Ground out 6-3 (Groundball, 6)
Top of the 8th over - 1 run(s), 1 hit(s), 0 error(s), 0 left on base; Portland 1 - Allentown 11
BOTTOM OF THE 8TH
Allentown Hillbillies batting - Pitching for Portland Privateers : RHP Alfonso Medina
Batting: RHB Joel Jackson 0-0: Ball
1-0: Ball
2-0: Called Strike
2-1: Ground out 6-3 (Groundball, 6S)
Batting: RHB Jimmy Simon 0-0: Swinging Strike
0-1: Ball
1-1: Foul Ball, location: 2F
1-2: Fly out, F6 (Popup, 6)
Batting: SHB Oliver Deleón 0-0: Ball
1-0: Swinging Strike
1-1: Ball
2-1: Foul Ball, location: 2F
2-2: Ball
3-2: Foul Ball, location: 2F
3-2: Base on Balls
Batting: RHB Diego Rivera 0-0: Ball
1-0: Ball
2-0: Called Strike
2-1: SINGLE (Flyball, 8RS)
Oliver Deleón to second
Runner from 2nd tries for 3rd, OUT!
Bottom of the 8th over - 0 run(s), 1 hit(s), 0 error(s), 1 left on base; Portland 1 - Allentown 11
TOP OF THE 9TH
Portland Privateers batting - Pitching for Allentown Hillbillies : LHP Nick Merrit
Now at 2B: Chad Huggins
Batting: RHB Luther Stoffels 0-0: Ball
1-0: SINGLE (Groundball, 34) (infield hit)
Batting: RHB Luis Pineda 0-0: Foul Ball, location: 2F
0-1: Called Strike
0-2: Foul Ball, location: 2F
0-2: Strikes out swinging
Batting: RHB Juan Sánchez 0-0: Ball
1-0: Ball
2-0: Called Strike
2-1: Called Strike
2-2: Foul Ball, location: 2F
2-2: Ball
3-2: SINGLE (Line Drive, 4MD)
Luther Stoffels to second
Batting: SHB Patrick Larson 0-0: Foul Ball, location: 2F
0-1: Fly out, F9 (Flyball, 9M)
Batting: LHB Dillon Beck 0-0: Called Strike
0-1: Ball
1-1: Foul Ball, location: 2F
1-2: Foul Ball, location: 2F
1-2: Strikes out swinging
Top of the 9th over - 0 run(s), 2 hit(s), 0 error(s), 2 left on base; Portland 1 - Allentown 11
Monday, December 5th, 2016 - OOTP Baseball 17.12 Build 75